 Dungeon Crawl Stone Soup version 0.29-a0-1027-gcd8c55af63 (webtiles) character file.

Game seed: 17587115976296859342

2879 Ijustatesigmund the Magician (level 9, -4/58 HPs)
             Began as an Octopode Earth Elementalist on Aug 11, 2022.
             Slain by a two-headed ogre
             ... wielding a +0 giant club
              (22 damage)
             ... on level 6 of the Dungeon on Aug 12, 2022.
             The game lasted 00:15:47 (8081 turns).

Ijustatesigmund the Magician (OpEE)                 Turns: 8081, Time: 00:15:47

Health: -4/58      AC:  1    Str:  9    XL:     9   Next: 76%
Magic:  18/18      EV: 19    Int: 21    God:
Gold:   323        SH:  0    Dex: 19    Spells: 11/21 levels left

rFire   . . .      SeeInvis .   f - +8 hand axe of Yredelemnul, Teaching {drain, *Noise rPois rN+ Str+2}
rCold   . . .      Faith    .   (no shield)
rNeg    + . .      Spirit   .   (helmet restricted)
rPois   +          Reflect  .   m - amulet of magic regeneration
rElec   .          Harm     .   k - +6 ring of dexterity
rCorr   .          Rampage  .   r - +4 ring of evasion
Will    .....                   (no ring)
Stlth   ++++......              (no ring)
HPRegen 0.19/turn               (no ring)
MPRegen 0.56/turn               (no ring)
                                (no ring)
                                (no ring)

@: no status effects
A: almost no armour, amphibious, 8 rings, camouflage 1, gelatinous body 1,
(nimble swimmer 1), tentacles
a: no special abilities


You were on level 6 of the Dungeon.
You visited 1 branch of the dungeon, and saw 6 of its levels.
You also visited: Sewer.

You collected 323 gold pieces.

Inventory:

Hand Weapons
 c - a +2 hand axe of chaos
 f - the +8 hand axe of Yredelemnul, Teaching (weapon) {drain, *Noise rPois rN+ Str+2}
   (You found it on level 2 of the Dungeon)

   A truly terrible weapon, it drains the life of any living foe it strikes.
   Str:       It affects your strength (+2).
   rPois:     It protects you from poison.
   rN:        It protects you from negative energy.
   *Noise:    It may make noises in combat.
Missiles
 e - 3 throwing nets
Jewellery
 k - a +6 ring of dexterity (left tentacle)
 m - an amulet of magic regeneration (around mantle)
 r - a +4 ring of evasion (right tentacle)
Wands
 l - a wand of iceblast (2)
Scrolls
 g - a scroll of magic mapping
 p - a scroll of summoning
Potions
 a - 2 potions of magic
 b - 2 potions of curing
 d - 3 potions of attraction
 h - a potion of cancellation
 i - 4 potions of lignification
 j - a potion of invisibility {unknown}
 n - a potion of resistance {unknown}
 q - a potion of might {unknown}


   Skills:
 - Level 4.0 Fighting
 - Level 2.9 Axes
 - Level 4.3 Dodging
 - Level 3.7 Stealth
 + Level 6.6 Spellcasting
 + Level 6.4 Conjurations
 + Level 2.4 Transmutations
 + Level 6.1 Earth Magic


You had 11 spell levels left.
You knew the following spells:

 Your Spells              Type           Power      Damage    Failure   Level
a - Sandblast             Erth           64%        2d14      1%          1
b - Stone Arrow           Conj/Erth      66%        3d11      1%          3
c - Passwall              Tmut/Erth      20%        N/A       2%          2
d - Petrify               Tmut/Erth      25%        N/A       16%         4

Your spell library contained the following spells:

 Spells                   Type           Power      Damage    Failure   Level
 Gell's Gravitas          Tloc           6%         N/A       28%         3
 Lesser Beckoning         Tloc           6%         N/A       28%         3
 Portal Projectile        Hex/Tloc       12%        N/A       28%         3
 Teleport Other           Tloc           6%         N/A       28%         3
 Tukima's Dance           Hex            6%         N/A       28%         3
 Passage of Golubria      Tloc           6%         N/A       67%         4
 Blade Hands              Tmut           8%         N/A       67%         5
 Yara's Violent Unravell  Hex/Tmut       6%         3d5       83%         5


Dungeon Overview and Level Annotations

Branches:
Dungeon (6/15)              Sewer (visited)
 Temple: D:4-7

Altars:
Ashenzari
Xom
Yredelemnul
The Shining One


Innate Abilities, Weirdness & Mutations

You cannot wear most types of armour.
You are amphibious.
You can wear up to eight rings at the same time.
Your skin changes colour to match your surroundings (Stealth+).
Your rubbery body absorbs attacks. (AC +1, EV +1)
((You are camouflaged when in or above water. (Stealth+)))
You have tentacles for arms and can constrict up to eight enemies at once.


Message History

The white imp shouts!
You grab the white imp. You hit the scorpion.
You constrict the white imp, but do no damage.
The scorpion stings you.
* * * LOW HITPOINT WARNING * * *
The white imp hits you.
* * * LOW HITPOINT WARNING * * *
The white imp freezes you.
* * * LOW HITPOINT WARNING * * *
You feel better.
You constrict the white imp, but do no damage.
The scorpion barely misses you. The white imp gestures at you.
The puff of frost misses you.
The puff of frost hits the scorpion.
You barely miss the white imp. You squeeze the white imp!
The white imp is severely wounded.
You hit the scorpion but do no damage. You constrict the white imp.
The scorpion completely misses you. The white imp closely misses you.
The scorpion barely misses you.
You hit the scorpion. You drain the scorpion. You grab the scorpion.
You squeeze the scorpion.
The scorpion is almost dead.
You hit the white imp but do no damage.
You constrict the scorpion, but do no damage.
You constrict the white imp.
You kill the white imp!
The scorpion closely misses you.
You hit the scorpion.
You kill the scorpion!
You hit the wight. You grab the wight.
You squeeze the wight, but do no damage.
The wight is moderately damaged.
You constrict the wight, but do no damage.
The wight closely misses you.
You slash the wight!
The wight is almost destroyed.
You constrict the wight.
You destroy the wight!
The two-headed ogre hits you with a +0 giant club!!
You die...

#........'.....#..#
##.......#..#.##..#####
.#...#...#........##..#####
.........#........##...##<##
...#....############.......#
...#........#.......###....#
..##.#......#.......###..###
###..####..##.......#.#.## .
#### #..#....@.....#..# .
##)...#O......#..# .. h#
..#....[()#....#..## ..#h
..#)..)..)#.....[..#
##########....#.....##...##
..#......#....#.(..####.##
..#......#.........## ###
..#..##..#..........#
.)#..##..#.####(....#


You could see a two-headed ogre.

Vanquished Creatures
  Sigmund (D:4)
  2 steam dragons (D:6)
  Menkaure (D:4)
  A water moccasin (D:5)
  An ice beast (D:6)
  An orc warrior (D:6)
  Pargi (Sewer)
  2 black bears
  2 sky beasts (D:6)
  A phantom (D:6)
  A kobold brigand (D:6)
  2 necrophages
  2 scorpions (D:6)
  2 wights (D:6)
  A howler monkey (D:6)
  7 hounds
  2 jellies
  2 gnoll boudas
  2 orc priests (D:6)
  Crazy Yiuf (D:2)
  Jessica (D:2)
  4 iguanas
  3 orc wizards (D:6)
  18 gnolls
  11 adders
  2 white imps (D:6)
  An ufetubus (D:5)
  5 worms
  A dart slug (D:3)
  15 orcs
  12 ball pythons
  9 endoplasms
  3 giant cockroaches
  4 goblins
  11 hobgoblins
  18 jackals
  10 kobolds
  9 quokkas
  3 bats
  6 frilled lizards
  7 rats
188 creatures vanquished.

Notes
Turn   | Place    | Note
-------+----------+-------------------------------------------
     0 | D:1      | Ijustatesigmund the Octopode Earth Elementalist began the
                  | quest for the Orb.
     0 | D:1      | Reached XP level 1. HP: 11/11 MP: 3/3
   171 | D:1      | Reached XP level 2. HP: 11/17 MP: 1/5
   654 | D:1      | Reached XP level 3. HP: 21/21 MP: 3/6
   658 | D:1      | Learned a level 3 spell: Stone Arrow
   661 | D:1      | Learned a level 2 spell: Passwall
   948 | D:2      | Identified the +8 hand axe of Yredelemnul, Teaching {drain,
                  | *Noise rPois rN+ Str+2}
  1120 | D:2      | Reached skill level 1 in Conjurations
  1123 | D:2      | Reached XP level 4. HP: 23/27 MP: 8/8
  1427 | D:2      | Noticed Jessica
  1434 | D:2      | Killed Jessica
  1529 | D:2      | Found a faded altar of an unknown god.
  1713 | D:2      | Reached XP level 5. HP: 18/31 MP: 10/10
  2125 | D:2      | Found a runed translucent door.
  2126 | D:2      | Noticed Crazy Yiuf
  2131 | D:2      | Killed Crazy Yiuf
  2724 | D:3      | Found a glowing drain.
  2733 | D:3      | Reached XP level 6. HP: 26/36 MP: 12/12
  2737 | Sewer    | Entered a sewer
  2886 | Sewer    | Noticed Pargi
  2903 | Sewer    | Killed Pargi
  3535 | D:4      | Reached XP level 7. HP: 23/42 MP: 14/14
  3542 | D:4      | Noticed Menkaure
  3552 | D:4      | Killed Menkaure
  3553 | D:4      | Reached skill level 1 in Fighting
  3553 | D:4      | Reached skill level 5 in Spellcasting
  3811 | D:4      | Found a shimmering altar of Xom.
  4218 | D:4      | Found a broken altar of Ashenzari.
  4522 | D:4      | Noticed Sigmund
  4530 | D:4      | Killed Sigmund
  4548 | D:4      | Reached XP level 8. HP: 17/50 MP: 15/15
  5333 | D:5      | Entered Level 5 of the Dungeon
  5345 | D:5      | Reached skill level 5 in Conjurations
  5705 | D:5      | Reached skill level 1 in Axes
  6255 | D:6      | Reached skill level 5 in Earth Magic
  6536 | D:6      | Noticed a two-headed ogre
  6823 | D:6      | Reached XP level 9. HP: 57/57 MP: 17/17
  7168 | D:6      | Found a glowing golden altar of the Shining One.
  7170 | D:6      | Noticed an angel
  7175 | D:6      | Found a basalt altar of Yredelemnul.
  7177 | D:6      | Noticed a profane servitor
  7543 | D:6      | Learned a level 4 spell: Petrify
  7625 | D:6      | Upgraded the game from 0.29-a0-1023-g6ae1a4a2c7 to
                  | 0.29-a0-1027-gcd8c55af63
  8081 | D:6      | Slain by a two-headed ogre

Illustrated notes

Levels and vault maps discovered:
D:1:      sevenhm_arrival_forest_fort_small_3, layout_basic
D:2:      wad_crossroads, layout_basic, chequers_ecumenical_altar_twisty,
          minmay_pentomino_x2, uniq_jessica, uniq_crazy_yiuf_cottage
D:3:      layout_basic, serial_glass, glass_columns_a, glass_columns_a,
          glass_columns_c, glass_columns_a, portal_sewer_entry_e,
          serial_park_tiny_pond, st_stairs_13, minmay_misc_feat_nine_boxes,
          chequers_serial_rivers_small_3
D:4:      layout_cave_pods, mainiacjoe_overflow_two_lobes, uniq_sigmund,
          uniq_menkaure
D:5:      layout_loops_ring
D:6:      minmay_clustersquares, layout_cave_pools,
          grunt_temple_overflow_holy_war, kennysheep_generic_room_4

Skill      XL: |  1  2  3  4  5  6  7  8  9 |
---------------+----------------------------+-----
Spellcasting   | 3 4 5 6 |  6.6
Conjurations   | 1 2 3 4 5 6 |  6.4
Stealth        | 3 |  3.7
Fighting       | 2 3 4 |  4.0
Earth Magic    | 4 5 6 |  6.1
Dodging        | 3 4 |  4.3
Axes           | 2 |  2.9
Transmutations | 2 |  2.4

Action                   |  1- 3 |  4- 6 |  7- 9 || total
-------------------------+-------+-------+-------++-------
Melee: Unarmed           |    10 |       |       ||    10
       Tentacles         |     5 |    16 |    31 ||    52
       Constrict         |     4 |    21 |    34 ||    59
       Hand axe          |     8 |    83 |   151 ||   242
       Punch             |       |     1 |       ||     1
 Cast: Sandblast         |    32 |    13 |       ||    45
       Stone Arrow       |       |     3 |    36 ||    39
Evoke: Wand              |       |     3 |     5 ||     8
  Use: Scroll            |       |    10 |     7 ||    17
       Potion            |       |     1 |     5 ||     6
 Stab: Sleeping          |     1 |    13 |    10 ||    24
       Distracted        |       |       |     1 ||     1
Armor: Skin              |     4 |     6 |    27 ||    37
Dodge: Dodged            |    20 |    67 |   129 ||   216

Table legend: (Time is in decaauts)
 A = Elapsed time spent in this place.
 B = Non-inter-level travel time spent in this place.
 C = Inter-level travel time spent in this place.
 D = Time resting spent in this place.
 E = Time spent auto-exploring this place.
 F = Levels seen in this place.
 G = Mean time per level.
                   A        B        C        D        E       F      G
               +--------+--------+--------+--------+--------+-----+--------+
         Total |   8187 |   8055 |    132 |   2470 |   4272 |   7 | 1169.6 |
       Dungeon |   7678 |   7546 |    132 |   2265 |   4041 |   6 | 1279.7 |
         Sewer |    508 |    508 |      0 |    205 |    231 |   1 |  508.0 |
               +--------+--------+--------+--------+--------+-----+--------+

Top non-repeatable levels by time:
     D:4: 1948 daAuts
     D:2: 1538 daAuts
     D:6: 1459 daAuts
     D:5: 1314 daAuts
     D:1: 880 daAuts
     D:3: 538 daAuts
   Sewer: 508 daAuts
